 Dungeon Crawl Stone Soup version 0.26-b1-32-g5d43845318 (webtiles) character file.

Game seed: 2975438734539881353

37 polelong the Skirmisher (level 3, -1/30 HPs)
             Began as a Demonspawn Abyssal Knight on Jan 9, 2021.
             Was a Follower of Lugonu.
             Killed by divine providence
             ... invoked by an orc priest
              (12 damage)
             ... on level 2 of the Dungeon.
             The game lasted 00:10:10 (1497 turns).

polelong the Skirmisher (Demonspawn Abyssal Knight) Turns: 1497, Time: 00:10:10

Health: -1/30      AC:  4    Str: 13    XL:     3   Next: 21%
Magic:  5/5        EV: 11    Int: 13    God:    Lugonu [*.....]
Gold:   119        SH:  0    Dex: 12    Spells: 2/2 levels left

rFire    . . .     SeeInvis .   a - +1 spear
rCold    . . .     Faith    .   (no shield)
rNeg     . . .     Spirit   .   b - +0 leather armour
rPois    .         Reflect  .   (no helmet)
rElec    .         Harm     .   (no cloak)
rCorr    .         Rampage  .   (no gloves)
Will     .....                  (no boots)
Stlth    +.........             (no amulet)
HPRegen  0.10/turn              (no ring)
MPRegen  0.09/turn              (no ring)

@: no status effects
A: hooves 1, sharp scales 1
a: Renounce Religion, Depart the Abyss


You were on level 2 of the Dungeon.
You worshipped Lugonu.
Lugonu was aware of your devotion.
You visited 1 branch of the dungeon, and saw 2 of its levels.
You visited the Abyss 1 time.

You collected 119 gold pieces.

Inventory:

Hand Weapons
 a - a +1 spear (weapon)
Missiles
 g - 7 boomerangs (quivered)
Armour
 b - a +0 leather armour (worn)
Scrolls
 e - 2 scrolls of remove curse {unknown}
 i - a scroll of identify {unknown}
 l - a scroll of enchant weapon {unknown}
Potions
 c - 2 potions of mutation {unknown}
 d - 2 potions of curing {unknown}
 f - 3 potions of heal wounds {unknown}
 h - a potion of haste {unknown}
 j - 2 potions of attraction {unknown}
 k - a potion of lignification {unknown}


   Skills:
 + Level 3.9 Fighting
 + Level 2.0 Polearms
 + Level 2.1 Armour
 + Level 0.9 Dodging
 + Level 2.7 Invocations


You had 2 spell levels left.
You didn't know any spells.
Your spell library was empty.

Dungeon Overview and Level Annotations

Branches:
Dungeon (2/15)

Altars:
Ashenzari
Elyvilon
Gozag
Kikubaaqudgha
Uskayaw
Xom
The Shining One


Innate Abilities, Weirdness & Mutations

You have large cloven feet.
You are partially covered in razor-sharp scales. (AC +1, Slay +1)


Message History

The orc priest picks up a scroll labelled QOAFIOXYTZ.
The orc moves out of view.
A quokka comes into view.
The orc barely misses you.
You hit the orc.
The orc is heavily wounded.
The orc hits you but does no damage.
You closely miss the orc. Your kick misses the orc.
The orc is heavily wounded.
The orc hits you but does no damage.
The quokka twitches its whiskers.
The orc hits you.
The orc priest looks encouraged for a moment.
You hit the orc. Your kick misses the orc.
The orc is severely wounded.
You closely miss the orc.
The orc is severely wounded.
The orc priest invokes the aid of Beogh against you.
Beogh smites you!
You die...

# ## # .#.#######. .. ..........
... ......oo. ... ### #....oo#
.. ##_##
##.######o#.######...#####
..>......@..#_..###'###.._
...####.#####.[##.....##.. #.#
#.#'.......'#. #.#
###....♣....## #......# #.#
###...♣...♣...# +...... #.#
##.#...........# #.....# #.#
#_.)..♣..♣..♣..' #.....#
#.####.#...........#
###.....#####....###...♣...♣...#


You could see 2 orc priests and 3 orcs.

Vanquished Creatures
  A white imp (Abyss:2)
  An ooze (D:1)
  4 goblins
  5 hobgoblins
  4 kobolds
  3 bats
  4 frilled lizards
  2 rats
24 creatures vanquished.

Notes
Turn   | Place    | Note
-------+----------+-------------------------------------------
     0 | Abyss:1  | polelong the Demonspawn Abyssal Knight began the quest for
                  | the Orb.
     0 | Abyss:1  | Reached XP level 1. HP: 18/18 MP: 2/2
    47 | Abyss:1  | Noticed a large abomination
    81 | Abyss:2  | Noticed an earth elemental
   136 | Abyss:2  | Noticed an ancient zyme
   143 | D:1      | Escaped the Abyss
   339 | D:1      | Gained mutation: You have large cloven feet. [demonic
                  | ancestry]
   339 | D:1      | Reached XP level 2. HP: 19/24 MP: 3/3
   911 | D:1      | Reached * piety under Lugonu
  1100 | D:2      | Found a faded altar of an unknown god.
  1184 | D:2      | Gained mutation: You are partially covered in razor-sharp
                  | scales. (AC +1, Slay +1) [demonic ancestry]
  1184 | D:2      | Reached XP level 3. HP: 29/30 MP: 3/5
  1380 | D:2      | Found an opulent altar of Gozag.
  1387 | D:2      | Found an ancient bone altar of Kikubaaqudgha.
  1392 | D:2      | Found a glowing golden altar of the Shining One.
  1411 | D:2      | Found a broken altar of Ashenzari.
  1416 | D:2      | Found a shimmering altar of Xom.
  1427 | D:2      | Found a white marble altar of Elyvilon.
  1434 | D:2      | Found a hide-covered altar of Uskayaw.
  1497 | D:2      | Killed from afar by an orc priest

Illustrated notes

Levels and vault maps discovered:
D:1:      erik_arrival_orb_chamber, layout_basic
D:2:      layout_basic, grunt_temple_overflow_octagram,
          chequers_ecumenical_altar_simple, minmay_misc_feat_ornament

Skill      XL: |  1  2 |
---------------+-------+-----
Armour         | 2 |  2.1
Polearms       | 2 |  2.0
Fighting       | |  3.9
Dodging        | |  0.9
Invocations    | |  2.7

Action                   || total
-------------------------++-------
Melee: Spear             ||    76
       Kick              ||     8
Invok: Depart the Abyss  ||     1
Armor: Leather armour    ||    19
Dodge: Dodged            ||    46
